 Dungeon Crawl Stone Soup version 0.18.1-50-g88ac8fd (webtiles) character file.

161 grisgris the Magician (level 5, 0/28 HPs)
             Began as a Deep Elf Conjurer on Nov 10, 2016.
             Slain by Sigmund
             ... wielding a +0 scythe
              (13 damage)
             ... on level 3 of the Dungeon.
             The game lasted 00:07:56 (1896 turns).

grisgris the Magician (Deep Elf Conjurer)           Turns: 1896, Time: 00:07:57

Health: 0/28       AC:  3    Str:  5    XL:     5   Next: 19%
Magic:  8/15       EV: 13    Int: 21    God:
Gold:   183        SH:  0    Dex: 15    Spells: 2 memorised, 13 levels left

rFire  . . .     SeeInvis .     k - +0 dagger
rCold  . . .     Gourm    .     a - +0 robe
rNeg   . . .     Faith    .     (no shield)
rPois  .         Spirit   .     (no helmet)
rElec  .         Dismiss  .     o - +0 cloak
rCorr  .         Reflect  .     (no gloves)
SustAt .         Harm     .     (no boots)
MR     .....                    (no amulet)
Stlth  ++........               (no ring)
                                x - ring of flight

@: not resistant to hostile enchantments, unstealthy
A: no striking features
a: Evoke Flight


You were on level 3 of the Dungeon.
You were hungry.

You visited 1 branch of the dungeon, and saw 3 of its levels.

You collected 183 gold pieces.

Inventory:

Hand Weapons
 k - a +0 dagger (weapon)
Armour
 a - a +0 robe (worn)
 o - a +0 cloak (worn)
Jewellery
 x - a ring of flight (left hand)
Wands
 e - a wand of flame (21/48)
 s - a wand of random effects (16/48)
Scrolls
 f - 2 scrolls of identify
 g - a scroll of recharging {unknown}
 h - 2 scrolls of teleportation
Potions
 d - 2 potions of flight
 i - a potion of agility {unknown}
 j - a potion of degeneration {unknown}
 n - a potion of magic {unknown}
 p - 2 potions of heal wounds {unknown}
 t - 2 potions of curing {unknown}
 u - a potion of might {unknown}
 v - 2 potions of cure mutation {unknown}
Books
 b - a book of Conjurations

   Spells                             Type                      Level
   a - Magic Dart                     Conjuration                  1
   b - Searing Ray                    Conjuration                  2
   c - Dazzling Spray                 Conjuration/Hexes            3
   d - Fulminant Prism                Conjuration/Hexes            4
   e - Iskenderun's Mystic Blast      Conjuration                  4
   f - Iskenderun's Battlesphere      Conjuration/Charms           5
Comestibles
 c - 4 bread rations
 l - 3 fruits
 r - a beef jerky
 z - 3 meat rations


   Skills:
 - Level 2.4 Dodging
 - Level 2.4 Stealth
 * Level 6.2 Spellcasting
 + Level 5.4 Conjurations


You had 13 spell levels left.
You knew the following spells:

 Your Spells              Type           Power        Failure   Level  Hunger
a - Magic Dart            Conj           ####         1%          1    None
b - Searing Ray           Conj           ####..       1%          2    None


Dungeon Overview and Level Annotations

Branches:
Dungeon (3/15)

Altars:

Annotations:
D:3 Sigmund


Message History

The searing ray hits Sigmund.
Sigmund is moderately wounded.
Sigmund misses you.
The searing ray hits Sigmund.
Sigmund is heavily wounded.
Sigmund gestures wildly while chanting.
Sigmund flickers and vanishes!
Deactivating autopickup; reactivate with Ctrl-A.
Something hits you.
Casting: Searing Ray
Confirm with . or Enter, or press ? or * to list all spells.
Aiming: Magic Dart
Press: ? - help, Shift-Dir - straight line, f - you
Okay, then.
Casting: Magic Dart
Confirm with . or Enter, or press ? or * to list all spells.
Aiming: Searing Ray
Press: ? - help, Shift-Dir - straight line The searing ray hits something.
Something hits you!
You die...

#.......#....# #.....
#!......#....# #.....
#.......#....# #.....
#.......#'#### #####.....
#............####........#
#...............#.....)..#
#......#........#........#
#......##'###...#........#
######..{@.# ...#........#
#.....+ ..+........#
#.....# ########..#
#.....# #'## #.....# #####
#.# #.....# #).)# #.#
#.....# #...# #.# #.....#
#...# #.# ##)## #.#


There were no monsters in sight!

Vanquished Creatures
  Crazy Yiuf (D:3)
  Jessica (D:2)
  6 adders
  A worm (D:2)
  A dart slug (D:2)
  2 giant geckos
  An orc (D:3)
  4 bats
  A giant cockroach (D:3)
  4 hobgoblins
  3 kobolds
  2 quokkas (D:2)
  10 ball pythons (D:2)
  5 giant newts
  4 goblins
  6 rats
52 creatures vanquished.

Notes
Turn   | Place    | Note
--------------------------------------------------------------
     0 | D:1      | grisgris the Deep Elf Conjurer began the quest for the Orb.
     0 | D:1      | Reached XP level 1. HP: 10/10 MP: 6/6
   403 | D:1      | Reached XP level 2. HP: 15/15 MP: 3/8
   646 | D:2      | Noticed Jessica
   648 | D:2      | Killed Jessica
   648 | D:2      | Reached skill level 4 in Spellcasting
   648 | D:2      | Reached XP level 3. HP: 19/19 MP: 6/10
   778 | D:2      | Reached skill level 5 in Conjurations
   815 | D:2      | Learned a level 2 spell: Searing Ray
   933 | D:2      | Reached skill level 5 in Spellcasting
   933 | D:2      | Reached XP level 4. HP: 10/24 MP: 4/13
  1542 | D:3      | Noticed Crazy Yiuf
  1547 | D:3      | Killed Crazy Yiuf
  1547 | D:3      | Reached skill level 6 in Spellcasting
  1589 | D:3      | Reached XP level 5. HP: 28/28 MP: 12/15
  1888 | D:3      | Noticed Sigmund
  1896 | D:3      | Slain by Sigmund

Skill      XL: |  1  2  3  4 |
---------------+-------------+-----
Spellcasting   | 4 5 6 |  6.2
Conjurations   | 5 |  5.4
Dodging        | |  2.4
Stealth        | |  2.4

Action                   |  1- 3 |  4- 6 || total
-------------------------+-------+-------++-------
Melee: Dagger            |     1 |       ||     1
Throw: Tomahawk          |     2 |       ||     2
 Cast: Magic Dart        |    43 |    37 ||    80
       Searing Ray       |     2 |     8 ||    10
  Use: Scroll            |     1 |     6 ||     7
  Eat: Chunk             |       |     2 ||     2
Dodge: Dodged            |    10 |     4 ||    14
